 Dungeon Crawl Stone Soup version 0.18-a0-1542-g9c1a92e (webtiles) character file.

78 Geomchi the Changer (level 4, -2/28 HPs)
             Began as a Merfolk Transmuter on Mar 10, 2016.
             Slain by a phantom (9 damage)
             ... on level 3 of the Dungeon.
             The game lasted 00:03:36 (2500 turns).

Geomchi the Changer (Merfolk Transmuter)            Turns: 2500, Time: 00:03:36

Health: -2/28      AC:  2    Str: 10    XL:     4   Next: 36%
Magic:  3/7        EV: 21    Int: 13    God:
Gold:   75         SH:  0    Dex: 19    Spells: 2 memorised, 3 levels left

rFire  . . .     SeeInvis .       - Unarmed
rCold  . . .     Gourm    .     (armour currently unavailable)
rNeg   . . .     Faith    .     (shield currently unavailable)
rPois  x         Spirit   .     (helmet currently unavailable)
rElec  .         Dismiss  .     (cloak currently unavailable)
rCorr  .         Reflect  .     (gloves currently unavailable)
SustAt .         Harm     .     (boots currently unavailable)
MR     .....                    (no amulet)
Stlth  ++........               (no ring)
                                (no ring)

@: spider-form, very slightly contaminated, hasted, very quick, not resistant to
hostile enchantments, unstealthy
A: (change form in water), (swift swim), blurry vision 1, deterioration 1, frail
1
a: End Transformation


You were on level 3 of the Dungeon.
You were not hungry.
You were a venomous arachnid creature.
You visited 1 branch of the dungeon, and saw 3 of its levels.

You collected 75 gold pieces.

Inventory:

Missiles
 a - 12 arrows
Armour
 b - a +1 robe (melded)
Scrolls
 f - a scroll of enchant armour
 k - a scroll of teleportation
Potions
 j - a potion of ambrosia {unknown}
 n - a potion of haste
Books
 c - a book of Changes

   Spells                             Type                      Level
   a - Beastly Appendage              Transmutation                1
   b - Sticks to Snakes               Transmutation                2
   c - Spider Form                    Transmutation/Poison         3
   d - Ice Form                       Ice/Transmutation            4
   e - Blade Hands                    Transmutation                5
Comestibles
 d - 4 bread rations {@e1}
 g - a slice of pizza
 h - 4 meat rations {@e2}
 i - a chunk of flesh {@w0}


   Skills:
 - Level 1.1 Fighting
 - Level 2.6 Dodging
 + Level 4.5 Unarmed Combat
 - Level 2.0 Spellcasting
 + Level 4.5 Transmutations


You had 3 spell levels left.
You knew the following spells:

 Your Spells              Type           Power        Failure   Level  Hunger
a - Beastly Appendage     Trmt           ##....       14%         1    ##.....
b - Spider Form           Trmt/Pois      #.........   56%         3    ####...


Dungeon Overview and Level Annotations

Branches:
Dungeon (3/15)

Altars:
Fedhas
Ru

Annotations:
D:3 stigbert's ghost, amateur DEFE


Innate Abilities, Weirdness & Mutations

((You revert to your normal form in water.))
((You are very nimble and swift while swimming.))
Scrolls take you a little longer to read.
Your body sometimes deteriorates upon taking damage.
You are frail (-10% HP).


Message History

You turn into a venomous arachnid creature.
Your +1 robe melds into your body.
Stigbert's ghost casts a spell at you. The puff of flame hits you!
* * * LOW HITPOINT WARNING * * *
You take 12 damage, and have 7/32 hp.
MASSIVE DAMAGE!!
You now have 3/7 mp.
Drink which item? (? for menu, Esc to quit)
It was a potion of haste.
You feel yourself speed up.
You are very lightly contaminated with residual magic.
You are too injured to fight recklessly!
You are too injured to fight recklessly!
Found a stone staircase leading up.
You are too injured to fight recklessly!
Drink which item? (? for menu, Esc to quit)
It was a potion of mutation.
You feel extremely strange.
You feel frail.
Your vision blurs.
You feel yourself wasting away.
You closely miss the phantom.
The hobgoblin shouts!
The phantom hits you!
You die...

#.####..##
#........#
######...# #...#
#...# #...#
#######...#######
#..........)....#
.........s......#
........WW....$...
....###...#######.
g.#. #g..# . ....#
.....# ......#
..<....#


You could see a phantom, stigbert's ghost and a hobgoblin.

Vanquished Creatures
  2 adders (D:2)
  An ooze (D:1)
  2 worms (D:2)
  2 dart slugs (D:1)
  4 giant geckos
  An orc (D:3)
  A giant cockroach (D:2)
  6 hobgoblins
  3 jackals (D:2)
  3 kobolds
  2 ball pythons
  4 bats
  4 giant newts (D:2)
  4 goblins
  2 rats (D:2)
41 creatures vanquished.

Notes
Turn   | Place    | Note
--------------------------------------------------------------
     0 | D:1      | Geomchi the Merfolk Transmuter began the quest for the Orb.
     0 | D:1      | Reached XP level 1. HP: 15/15 MP: 3/3
   153 | D:1      | Reached XP level 2. HP: 4/21 MP: 3/5
   936 | D:2      | Reached XP level 3. HP: 19/26 MP: 6/6
   990 | D:2      | Learned a level 3 spell: Spider Form
  1685 | D:2      | Reached XP level 4. HP: 29/32 MP: 5/7
  1754 | D:2      | Found a sacrificial altar of Ru.
  1934 | D:2      | Found a blossoming altar of Fedhas.
  2445 | D:3      | Found a faded altar to an unknown god.
  2474 | D:3      | Noticed a phantom
  2492 | D:3      | Noticed stigbert's ghost (amateur DEFE)
  2499 | D:3      | Gained mutation: You are frail (-10% HP). [potion of mutation]
  2499 | D:3      | Gained mutation: Scrolls take you a little longer to read. [potion of mutation]
  2499 | D:3      | Gained mutation: Your body sometimes deteriorates upon taking damage. [potion of mutation]
  2500 | D:3      | Slain by a phantom

Vault maps used:
D:1:      dpeg_arrival_arbitrary_a, minmay_misc_feat_square
D:2:      nicolae_ru_path_of_blood, fedhas_altar_2, kennysheep_small_spiral,
          serial_bayou_lagoon_b
D:3:      yredelemnul_altar_generic, ecumenical_altar_1

Skill      XL: |  1  2  3 |
---------------+----------+-----
Transmutations | 3 4 |  4.5
Unarmed Combat | 4 |  4.5
Fighting       | |  1.1
Dodging        | |  2.6
Spellcasting   | |  2.0

Action                   |  1- 3 |  4- 6 || total
-------------------------+-------+-------++-------
Melee: Unarmed           |   121 |    57 ||   178
 Cast: Beastly Appendage |    16 |    12 ||    28
       Spider Form       |       |     2 ||     2
  Use: Scroll            |     4 |       ||     4
       Potion            |       |     2 ||     2
  Eat: Chunk             |     3 |     3 ||     6
